 Dungeon Crawl Stone Soup version 0.30.1-3-gfc49f6343a (webtiles) character file.

Game seed: 11422656968205390682

26072 Peloso the Basher (level 12, -2/110 HPs)
             Began as a Minotaur Fighter on July 27, 2023.
             Was a High Priest of Okawaru.
             Killed by divine providence
             ... invoked by an orc priest
              (10 damage)
             ... on level 2 of the Orcish Mines.
             The game lasted 00:31:54 (13440 turns).

Peloso the Basher (Minotaur Fighter)               Turns: 13440, Time: 00:31:58

Health: -2/110     AC: 36    Str: 23    XL:     12   Next: 95%
Magic:  11/11      EV:  9    Int: 11    God:    Okawaru [*****.]
Gold:   808        SH:  7    Dex: 11    Spells: 11/11 levels left

rFire   + + +        b - +9 hammer of Fresh Purpose {spect, rF+}
rCold   . . .        d - +1 buckler {AC+3}
rNeg    + . .        i - +4 plate armour {rF+}
rPois   .            (helmet restricted)
rElec   .            D - +2 cloak
rCorr   .            E - +2 pair of gloves
SInv    .            U - +0 pair of boots {rampage}
Will    ++++.        P - amulet of the Four Winds {rN+ Will+++ Clar} Stlth
                     M - ring of Sovereignty {rF+ Will+ Int+6}
HPRegen 0.38/turn    J - ring of Xiny {AC+4 Dex-2 Slay+5}
MPRegen 0.12/turn

%: clarity, rampage
@: no status effects
A: horns 2, retaliatory headbutt, MP-powered wands
a: Renounce Religion, Heroism, Finesse, Duel


You were on level 2 of the Orcish Mines.
You worshipped Okawaru.
Okawaru was extremely pleased with you.
You visited 4 branches of the dungeon, and saw 16 of its levels.
You also visited: Trove, Ossuary and Volcano.

You collected 968 gold pieces.
You spent 160 gold pieces at shops.

Inventory:

Hand Weapons
 a - a +2 scimitar of flaming
 b - the +9 hammer of Fresh Purpose (weapon) {spect, rF+}
   (You found it on level 3 of the Dungeon)

   rF:        It protects you from fire.
 c - a +5 long sword
Armour
 d - a +1 buckler of protection (worn)
 i - a +4 plate armour of fire resistance (worn)
 D - a +2 cloak (worn)
 E - a +2 pair of gloves (worn)
 U - a +0 pair of boots of rampaging (worn)
Jewellery
 q - an amulet of regeneration
 x - an amulet of guardian spirit
 G - the amulet of Harmony {RegenMP rCorr}
   (You found it in a treasure trove)

   [amulet of magic regeneration]

   It increases your rate of magic regeneration.
   rCorr:     It protects you from acid and corrosion.
 H - a +6 ring of strength
 I - a +6 ring of intelligence
 J - the ring of Xiny (right hand) {AC+4 Dex-2 Slay+5}
   (You found it in a treasure trove)

   [ring of protection]

   AC:        It affects your AC (+4).
   Dex:       It affects your dexterity (-2).
   Slay:      It affects your accuracy & damage with ranged weapons and melee
   (+5).
 K - the amulet "Deimniw" {Faith +Inv rPois MP-9}
   (You found it in a treasure trove)

   [amulet of faith]

   It allows you to gain divine favour quickly.
   rPois:     It protects you from poison.
   MP:        It affects your magic capacity (-9).
   +Inv:      It lets you turn invisible.
 L - the amulet "Xece" {Reflect rN+ SH+5}
   (You found it in a treasure trove)

   [amulet of reflection]

   It reflects blocked missile attacks.
   rN:        It protects you from negative energy.
   SH:        It affects your SH (+5).
 M - the ring of Sovereignty (left hand) {rF+ Will+ Int+6}
   (You found it in a treasure trove)

   [ring of intelligence]

   Int:       It affects your intelligence (+6).
   rF:        It protects you from fire.
   Will:      It increases your willpower.
 N - the ring "Zinkiec" {rPois rN+ Str+3}
   (You found it in a treasure trove)

   [ring of poison resistance]

   Str:       It affects your strength (+3).
   rPois:     It protects you from poison.
   rN:        It protects you from negative energy.
 O - the amulet of Gisoema {Reflect rF++ Int-5 Dex+2 SH+5 Stlth+}
   (You found it in a treasure trove)

   [amulet of reflection]

   It reflects blocked missile attacks.
   Int:       It affects your intelligence (-5).
   Dex:       It affects your dexterity (+2).
   rF:        It greatly protects you from fire.
   SH:        It affects your SH (+5).
   Stlth:     It makes you more stealthy.
 P - the amulet of the Four Winds (around neck) {rN+ Will+++ Clar}
   (You found it in a treasure trove)

   [amulet of nothing]

   rN:        It protects you from negative energy.
   Clar:      It protects you from confusion, rage, mesmerisation and fear.
   Will:      It greatly increases your willpower.
 Q - a ring of positive energy
 R - a ring of willpower
 T - a +5 ring of evasion
 W - an amulet of reflection
Wands
 h - a wand of iceblast (32)
 n - a wand of flame (34)
 s - a wand of mindburst (13)
 y - a wand of light (3)
 V - a wand of polymorph (2)
Scrolls
 e - 8 scrolls of teleportation
 k - 5 scrolls of amnesia
 l - 2 scrolls of brand weapon
 m - 3 scrolls of poison
 u - 6 scrolls of fear
 v - a scroll of identify
 w - 2 scrolls of fog
 B - 7 scrolls of enchant weapon
 F - 2 scrolls of enchant armour
 S - a scroll of blinking
Potions
 f - 5 potions of brilliance
 g - 3 potions of curing
 j - 4 potions of might
 o - 4 potions of resistance
 p - 2 potions of magic
 r - 4 potions of ambrosia
 t - 3 potions of invisibility
 z - 4 potions of flight {unknown}
 A - 6 potions of heal wounds {unknown}
 C - 3 potions of mutation


   Skills:
 + Level 11.3 Fighting
 + Level 5.7 Long Blades
 + Level 14.7 Maces & Flails
 + Level 13.7 Armour
 + Level 5.8 Dodging
 + Level 3.7 Stealth
 + Level 10.0 Shields
 + Level 1.2 Invocations


You had 11 spell levels left.
You didn't know any spells.
Your spell library contained the following spells:

 Spells                   Type           Power      Damage    Failure   Level
 Magic Dart               Conj           0%         1d3       98%         1
 Sandblast                Erth           0%         2d4       98%         1
 Ensorcelled Hibernation  Hex/Ice        0%         N/A       99%         2
 Passwall                 Tmut/Erth      0%         N/A       99%         2
 Mephitic Cloud           Conj/Pois/Air  0%         N/A       100%        3
 Spider Form              Tmut/Pois      0%         N/A       100%        3
 Stone Arrow              Conj/Erth      0%         3d7       100%        3
 Anguish                  Hex/Necr       0%         N/A       100%        4
 Summon Small Mammal      Summ           Unusable   N/A       N/A         1
 Call Imp                 Summ           Unusable   N/A       N/A         2
 Call Canine Familiar     Summ           Unusable   N/A       N/A         3
 Summon Guardian Golem    Hex/Summ       Unusable   N/A       N/A         3

Dungeon Overview and Level Annotations

Branches:
Dungeon (11/15)            Temple (1/1) D:5            Lair (2/5) D:11
 Shoals (0/4) Lair:2        Snake (0/4) Lair:2          Orc (2/2) D:9
Ossuary (visited)         Volcano (visited)
    Elf: Orc:2

Altars:
Ashenzari
Cheibriados
Dithmenos
Fedhas
Gozag
Hepliaklqana
Kikubaaqudgha
Makhleb
Nemelex Xobeh
Okawaru
Ru
Trog
Uskayaw
Vehumet
Wu Jian
Xom
Yredelemnul
Zin

Shops:
D:11 *


Innate Abilities, Weirdness & Mutations

You have a pair of horns on your head.
You reflexively headbutt those who attack you in melee.
You expend magic power (3 MP) to strengthen your wands.


Message History

Okawaru accepts your kill.
The orc no longer looks unusually strong.
Unknown command.
You sock the orc!
You kill the orc!
Okawaru accepts your kill.
Your +9 hammer of Fresh Purpose {spect, rF+} disappears.
Unknown command.
You hit the orc warrior but do no damage.
Your headbutt misses the orc warrior.
Your +9 hammer of Fresh Purpose {spect, rF+} hits the orc warrior.
Unknown command.
You hit the orc warrior but do no damage.
Your headbutt misses the orc warrior.
The orc warrior is lightly wounded.
Your +9 hammer of Fresh Purpose {spect, rF+} hits the orc warrior.
An orc comes into view. It is wielding a +0 club.
An orc comes into view. It is wielding a +0 dagger.
The orc warrior hits you with a +0 battleaxe!
* * * LOW HITPOINT WARNING * * *
The orc warrior closely misses your +9 hammer of Fresh Purpose {spect, rF+}.
The orc hits you but does no damage.
You sock the orc warrior!
The orc warrior is moderately wounded.
Your +9 hammer of Fresh Purpose {spect, rF+} hits the orc warrior.
The orc priest calls down the wrath of Beogh upon you.
Beogh smites you!
* * * LOW HITPOINT WARNING * * *
The orc warrior hits you with a +0 battleaxe.
* * * LOW HITPOINT WARNING * * *
The orc warrior barely misses your +9 hammer of Fresh Purpose {spect, rF+}.
The orc hits you with a +0 club.
* * * LOW HITPOINT WARNING * * *
Blink to where?
Press: ? - help, Dir - move target
As you read the scroll of blinking, it crumbles to dust.
Your +9 hammer of Fresh Purpose {spect, rF+} disappears.
The orc priest mumbles some strange prayers to Beogh against you.
Beogh smites you!
You die...

#.........#
......
#.....ooo###....
.......ยง))#.....
#..........#.#
##...........#
##.......)..#
####.......#
#.......#
####.@..#
#...........
###..####### #...
####


You could see an orc warrior (strong), an orc priest and an orc.

Vanquished Creatures
  A boulder beetle (Lair:1)
  4 two-headed ogres
  Erica (D:10)
  5 skeletal warriors
  A deep elf archer (Volcano)
  An orc knight (Orc:2)
  2 oklob plants (D:11)
  5 deep elf pyromancers (Volcano)
  An orc sorcerer (Orc:1)
  A merfolk siren (Lair:2)
  Maurice (D:10)
  2 black mambas (Lair:1)
  6 cane toads
  A gargoyle (D:8)
  2 komodo dragons (Lair:1)
  2 rime drakes (Lair:1)
  Prince Ribbit (D:7)
  A troll (D:11)
  5 blink frogs (Lair:2)
  Sigmund (D:2)
  3 yaks (Lair:1)
  A shadow (D:11)
  4 fire elementals (Volcano)
  3 fire bats (Lair:2)
  A wyvern (D:9)
  A wraith (D:11)
  2 steam dragons (D:6)
  3 vampire mosquitoes (D:11)
  A basilisk (Lair:1)
  2 acid dragons
  Duvessa (D:6)
  5 water moccasins
  5 hell hounds (Volcano)
  An ice beast (D:7)
  9 orc warriors
  2 sky beasts
  3 ogres
  2 centaurs
  3 wolves (Lair:2)
  A phantom (D:4)
  An elf zombie (Ossuary)
  6 kobold brigands
  A gnoll sergeant (D:10)
  8 bullfrogs
  A scorpion (D:7)
  A necrophage (D:5)
  9 wights
  Dowan (D:6)
  3 killer bees (D:9)
  4 howler monkeys
  4 hounds
  A jelly (D:8)
  11 orc priests
  Crazy Yiuf (D:3)
  A human zombie (Ossuary)
  4 gnoll boudas
  2 sleepcaps
  27 orc wizards
  Ijyb (D:3)
  Terence (D:2)
  5 iguanas
  A hound skeleton (D:5)
  3 mummies
  Robin (D:3)
  25 gnolls
  7 adders
  An ufetubus (D:5)
  3 adder zombies (Ossuary)
  2 worms
  2 dart slugs
  45 orcs
  10 ball pythons
  4 bats
  5 endoplasms
  A giant cockroach (D:1)
  11 goblins
  13 hobgoblins
  7 jackals
  4 quokkas
  2 frilled lizards
  3 goblin zombies (Ossuary)
  11 hobgoblin zombies (Ossuary)
  32 kobolds
  9 kobold zombies (Ossuary)
  8 orc zombies (Ossuary)
  13 rats
  A rat zombie (Ossuary)
  A butterfly (Lair:1)
415 creatures vanquished.

Vanquished Creatures (others)
  A wizard (D:4)
  5 spectral weapons
6 creatures vanquished.

Grand Total: 421 creatures vanquished

Notes
Turn   | Place    | Note
-------+----------+-------------------------------------------
     0 | D:1      | Peloso the Minotaur Fighter began the quest for the Orb.
     0 | D:1      | Reached XP level 1. HP: 19/19 MP: 0/0
   162 | D:1      | Reached XP level 2. HP: 18/27 MP: 1/1
   440 | D:1      | Reached XP level 3. HP: 33/33 MP: 2/2
   822 | D:1      | Found a sacrificial altar of Ru.
   869 | D:2      | Gained mutation: You expend magic power (3 MP) to
                  | strengthen your wands. [potion of mutation]
  1629 | D:2      | Noticed Sigmund
  1641 | D:2      | Killed Sigmund
  1642 | D:2      | Reached skill level 5 in Armour
  1642 | D:2      | Reached XP level 4. HP: 18/41 MP: 3/3
  1642 | D:2      | Reached XP level 5. HP: 20/47 MP: 4/4
  1813 | D:2      | Noticed Terence
  1818 | D:2      | Killed Terence
  1973 | D:3      | Found a glowing silver altar of Zin.
  1973 | D:3      | Found a snail-covered altar of Cheibriados.
  2098 | D:3      | Noticed an ogre
  2110 | D:3      | Killed an ogre
  2111 | D:3      | Reached skill level 5 in Long Blades
  2111 | D:3      | Reached skill level 1 in Dodging
  2111 | D:3      | Reached XP level 6. HP: 33/53 MP: 5/5
  2210 | D:3      | Noticed Robin
  2314 | D:3      | Reached skill level 5 in Fighting
  2394 | D:3      | Killed Robin
  2471 | D:3      | Noticed Ijyb
  2480 | D:3      | Killed Ijyb
  2546 | D:3      | Found a runed translucent door.
  2547 | D:3      | Noticed Crazy Yiuf
  2559 | D:3      | Killed Crazy Yiuf
  2562 | D:3      | Identified the +9 hammer of Fresh Purpose {spect, rF+}
  2892 | D:3      | Identified the +2 robe of the Stonemason {-Tele Int+3
                  | Dex+3}
  2945 | D:4      | Found an opulent altar of Gozag.
  2984 | D:4      | Found a sand-covered staircase.
  2992 | Ossuary  | Entered an ossuary
  3027 | Ossuary  | Reached XP level 7. HP: 61/61 MP: 6/6
  3178 | Ossuary  | Reached skill level 1 in Maces & Flails
  3186 | Ossuary  | Reached skill level 2 in Maces & Flails
  3305 | D:4      | Reached skill level 5 in Shields
  3372 | D:4      | Reached skill level 3 in Maces & Flails
  3610 | D:4      | Reached skill level 4 in Maces & Flails
  3827 | D:4      | Found a bloodstained altar of Trog.
  3837 | D:4      | Noticed a wizard
  3842 | D:4      | Killed a wizard
  3946 | D:5      | Entered Level 5 of the Dungeon
  3952 | D:5      | Reached XP level 8. HP: 67/70 MP: 7/7
  3979 | D:5      | Reached skill level 5 in Maces & Flails
  4237 | D:5      | Found a staircase to the Ecumenical Temple.
  4247 | D:5      | Reached skill level 6 in Maces & Flails
  4379 | D:5      | Found a burning altar of Makhleb.
  4580 | Temple   | Entered the Ecumenical Temple
  4589 | Temple   | Became a worshipper of Warmaster Okawaru
  4633 | D:6      | Found a sacrificial altar of Ru.
  4736 | D:6      | Reached skill level 7 in Maces & Flails
  4757 | D:6      | Noticed Duvessa
  4763 | D:6      | Killed Duvessa
  4767 | D:6      | Noticed Dowan
  4770 | D:6      | Killed Dowan
  4849 | D:6      | Reached * piety under Okawaru
  4930 | D:6      | Reached XP level 9. HP: 79/79 MP: 8/8
  5153 | D:6      | Reached skill level 8 in Maces & Flails
  5202 | D:6      | Reached skill level 1 in Stealth
  5324 | D:6      | Found an ornate altar of the Wu Jian Council.
  5560 | D:7      | Found a hazy altar of Hepliaklqana.
  5592 | D:7      | Noticed Prince Ribbit
  5597 | D:7      | Killed Prince Ribbit
  5597 | D:7      | Reached ** piety under Okawaru
  5641 | D:7      | Reached skill level 9 in Maces & Flails
  5894 | D:7      | Identified the +4 sling of Ravage {freeze, rElec Will+}
  6354 | D:8      | Noticed a gargoyle
  6594 | D:8      | Killed a gargoyle
  6595 | D:8      | Reached skill level 10 in Maces & Flails
  6595 | D:8      | Reached XP level 10. HP: 61/88 MP: 9/9
  7008 | D:8      | Reached *** piety under Okawaru
  7324 | D:9      | Noticed a skeletal warrior
  7325 | D:9      | Noticed a skeletal warrior
  7344 | D:8      | Killed a skeletal warrior
  7360 | D:9      | Killed a skeletal warrior
  7521 | D:9      | Noticed a skeletal warrior
  7522 | D:9      | Noticed a skeletal warrior
  7548 | D:9      | Reached **** piety under Okawaru
  7558 | D:8      | Killed a skeletal warrior
  7559 | D:8      | Reached skill level 11 in Maces & Flails
  7693 | D:9      | Killed a skeletal warrior
  7694 | D:9      | Reached skill level 10 in Armour
  7701 | D:9      | Noticed a skeletal warrior
  7714 | D:9      | Killed a skeletal warrior
  7714 | D:9      | Reached ***** piety under Okawaru
  8063 | D:9      | Found a staircase to the Orcish Mines.
  8283 | D:9      | Found a blossoming altar of Fedhas.
  8405 | D:10     | Entered Level 10 of the Dungeon
  8410 | D:10     | Reached XP level 11. HP: 95/95 MP: 10/10
  8477 | D:10     | Noticed a two-headed ogre
  8481 | D:10     | Killed a two-headed ogre
  8501 | D:10     | Noticed Maurice
  8509 | D:10     | Killed Maurice
  8574 | D:10     | Found a portal to a secret trove of treasure.
  8597 | D:10     | Noticed a two-headed ogre
  8607 | D:10     | Killed a two-headed ogre
  8608 | D:10     | Reached skill level 12 in Maces & Flails
  8636 | Trove    | Entered a treasure trove
  8638 | Trove    | Found the amulet of the Four Winds {rN+ Will+++ Clar}
  8640 | Trove    | Identified the ring of Fesaihir {Ice Contam Int+5 SInv}
  8649 | Trove    | Identified the amulet of Harmony {RegenMP rCorr}
  8655 | Trove    | Identified the ring of Xiny {AC+4 Dex-2 Slay+5}
  8657 | Trove    | Identified the amulet "Deimniw" {Faith +Inv rPois MP-9}
  8659 | Trove    | Identified the amulet "Xece" {Reflect rN+ SH+5}
  8661 | Trove    | Identified the ring of Sovereignty {rF+ Will+ Int+6}
  8663 | Trove    | Identified the ring "Zinkiec" {rPois rN+ Str+3}
  8665 | Trove    | Identified the amulet of Gisoema {Reflect rF++ Int-5 Dex+2
                  | SH+5 Stlth+}
  8730 | D:10     | Found a basalt altar of Yredelemnul.
  8964 | D:10     | Noticed Erica
  8971 | D:10     | Killed Erica
  9193 | D:10     | Noticed a two-headed ogre
  9199 | D:10     | Killed a two-headed ogre
  9805 | D:11     | Noticed a two-headed ogre
  9812 | D:11     | Killed a two-headed ogre
  9815 | D:11     | Reached skill level 1 in Invocations
 10003 | D:11     | Found a staircase to the Lair.
 10012 | D:11     | Noticed an oklob plant
 10014 | D:11     | Noticed an oklob plant
 10173 | D:11     | Killed an oklob plant
 10181 | D:11     | Killed an oklob plant
 10325 | D:11     | Found Peujo's Assorted Antiques.
 10330 | D:11     | Bought a scroll labelled FOIPOH VEJATER for 32 gold pieces
 10330 | D:11     | Bought a gold wand for 128 gold pieces
 10559 | Lair:1   | Entered Level 1 of the Lair of Beasts
 10669 | Lair:1   | Reached skill level 5 in Dodging
 10853 | Lair:1   | Reached XP level 12. HP: 77/106 MP: 11/11
 11012 | Lair:1   | Reached skill level 13 in Maces & Flails
 11284 | Lair:1   | Reached skill level 10 in Fighting
 11394 | Lair:1   | Noticed a boulder beetle
 11406 | Lair:1   | Killed a boulder beetle
 12158 | Lair:2   | Found a staircase to the Snake Pit.
 12207 | Lair:2   | Found a dark tunnel.
 12222 | Volcano  | Entered a volcano
 12273 | Volcano  | Reached skill level 14 in Maces & Flails
 12304 | Volcano  | Received a gift from Okawaru
 12323 | Volcano  | Reached skill level 10 in Shields
 12603 | Lair:2   | Found a staircase to the Shoals.
 13186 | Orc:1    | Entered Level 1 of the Orcish Mines
 13189 | Orc:1    | Identified the +2 robe of Hysteria {rPois Regen+} (Okawaru
                  | gifted it to you on level 1 of the Orcish Mines)
 13189 | Orc:1    | Received a gift from Okawaru
 13406 | Orc:2    | Entered Level 2 of the Orcish Mines
 13440 | Orc:2    | Killed from afar by an orc priest

Illustrated notes

Levels and vault maps discovered:
D:1:      dpeg_arrival_water_altar, layout_rooms, dk_noncrumbling_2,
          kennysheep_pointless_box, minmay_tetromino_s2
D:2:      layout_basic, uniq_terence, uniq_sigmund
D:3:      layout_basic, chequers_temple_overflow_statue_of_worship, uniq_robin,
          uniq_ijyb, uniq_crazy_yiuf_cottage
D:4:      layout_cave_pools, trog_wizard, nicolae_gozag_seed_capital,
          gup_ossuary_entry_pyramid, minmay_puff
D:5:      layout_rooms, makhleb_blood_cavern_becter,
          minmay_temple_entry_stoned_glass
D:6:      kennysheep_steamy, layout_gridville,
          nicolae_ru_great_annihilating_truth, nzn_wu_jian_council_hall,
          uniq_duvessa
D:7:      layout_gridville, lemuel_tele_altar, uniq_prince_ribbit1
D:8:      layout_basic
D:9:      layout_cave_pools, fedhas_bush_and_centaur_altar
D:10:     layout_roguey, lemuel_crystal_altar, nicolae_trove_entry_crystal,
          minivault_21, uniq_erica, uniq_maurice
D:11:     layout_roguey, dpeg_oklobed_lair, serial_shops,
          nicolae_shop_just_a_little_nook
Temple:   hellmonk_temple_two_chambers
Lair:1:   layout_cave_pods, nzn_sisyphean_effort, lemuel_fruit_fields,
          lemuel_fruit_fields
Lair:2:   layout_loops_ring, minmay_shoals_entry_lonely_mermaid,
          dummy_snake_entry, nicolae_volcano_entry_batcave
Orc:1:    layout_caves
Orc:2:    grunt_orc_community_town_hall, layout_diamond_mine,
          grunt_orc_community_big_house_2, grunt_orc_community_big_house_1,
          grunt_orc_community_house_2, grunt_orc_community_house_1,
          grunt_orc_community_house_3, grunt_orc_community_house_3,
          grunt_orc_community_house_2, basic_altar

Skill      XL: |  1  2  3  4  5  6  7  8  9 10 11 12 |
---------------+-------------------------------------+-----
Fighting       | 4 5 6 7 8 9 11 | 11.3
Armour         | 4 5 6 7 8 11 12 13 | 13.7
Shields        | 4 5 6 7 9 10 | 10.0
Long Blades    | 4 5 |  5.7
Dodging        | 1 2 3 5 |  5.8
Maces & Flails | 4 7 10 11 12 14 | 14.7
Stealth        | 1 2 3 |  3.7
Invocations    | 1 |  1.2

Action                     |  1- 3 |  4- 6 |  7- 9 | 10-12 || total
---------------------------+-------+-------+-------+-------++-------
  Melee: Long sword        |    80 |    84 |       |       ||   164
         Headbutt          |    13 |     9 |    42 |    87 ||   151
         Mace              |       |    27 |   273 |   426 ||   726
 Invoke: Heroism           |       |       |       |     2 ||     2
    Use: Potion            |     3 |     1 |       |       ||     4
         Scroll            |       |     6 |    10 |     6 ||    22
   Stab: Paralysed         |       |       |     1 |       ||     1
         Distracted        |       |       |     2 |     5 ||     7
 Armour: Scale mail        |    17 |       |       |       ||    17
         Chain mail        |    26 |    76 |   130 |   185 ||   417
         Plate armour      |       |       |       |    40 ||    40
  Dodge: Dodged            |    30 |    35 |    87 |   181 ||   333
  Block: Buckler           |    18 |    36 |    91 |   122 ||   267
